 Dungeon Crawl Stone Soup version 0.21.1-1-g345015f (webtiles) character file.

61764 inc the Covert (level 14, -8/67 HPs)
             Began as a Felid Enchanter on Mar 9, 2018.
             Was the Champion of Dithmenos.
             Killed from afar by Nikola (10 damage)
             ... with a chain lightning
             ... on level 3 of the Elven Halls.
             The game lasted 01:45:37 (38016 turns).

inc the Covert (Felid Enchanter)                   Turns: 38016, Time: 01:45:40

Health: -8/67      AC:  3    Str:  4    XL:     14   Next: 61%
Magic:  7/23       EV: 35    Int: 28    God:    Dithmenos [******]
Gold:   749        SH:  6    Dex: 26    Spells: 3/23 levels left
                                        Lives:  0   Deaths: 3

rFire    . . .     SeeInvis +     - Unarmed
rCold    + . .     Gourm    .   (shield unavailable)
rNeg     . . .     Faith    .   (armour unavailable)
rPois    .         Spirit   .   (helmet unavailable)
rElec    +         Reflect  +   (cloak unavailable)
rCorr    .         Harm     .   (gloves unavailable)
MR       +++..                  (boots unavailable)
Stlth    ++++++++++             E - +6 amulet of reflection
HPRegen  0.21/turn              q - ring "Vutaury" {rElec MR+ Dex+3 Stlth+}
MPRegen  0.18/turn              n - +6 ring of intelligence

@: agile, wreathed by umbra, quick
A: very small, no armour, no weapons or thrown items, stealth, claws 1, fangs 3,
see invisible, carnivore, speed 1, shaggy fur 3, slow metabolism 1, sharp paws
a: Shadow Step, Shadow Form, Renounce Religion


You were on level 3 of the Elven Halls.
You worshipped Dithmenos.
Dithmenos was exalted by your worship.
You were very hungry.

You visited 7 branches of the dungeon, and saw 29 of its levels.
You also visited: Ossuary and Ice Cave.

You collected 2977 gold pieces.
You spent 2228 gold pieces at shops.

Inventory:

Jewellery
 d - a +3 ring of dexterity
 n - a +6 ring of intelligence (right paw)
 q - the ring "Vutaury" (left paw) {rElec MR+ Dex+3 Stlth+}
   (You acquired it on level 11 of the Dungeon)

   [ring of stealth]

   It affects your dexterity (+3).
   It insulates you from electricity.
   It affects your resistance to hostile enchantments.
   It makes you more stealthy.
 E - a +6 amulet of reflection (around neck)
 L - the amulet of Uzxyadgh {Harm *Drain rElec MR+ MP+9}
   (You acquired it on level 6 of the Lair of Beasts)

   [amulet of harm]

   It increases damage dealt and taken.
   It insulates you from electricity.
   It affects your resistance to hostile enchantments.
   It affects your magic capacity (+9).
   It causes draining when unequipped.
 P - the ring "Wadghym" {rElec rPois rF+ rC++ Int-4}
   (You bought it in a shop on level 7 of the Dungeon)

   [ring of protection from fire]

   It affects your intelligence (-4).
   It protects you from fire.
   It greatly protects you from cold.
   It insulates you from electricity.
   It protects you from poison.
 R - an uncursed ring of poison resistance
 S - an uncursed ring of ice
 U - a +2 ring of strength
 Z - a +2 ring of intelligence
Wands
 c - a wand of digging (37)
 e - a wand of paralysis (83)
 r - a wand of iceblast (47)
 x - a wand of polymorph (21)
 A - a wand of disintegration (12)
 H - a wand of acid (14)
 K - a wand of enslavement (18)
Scrolls
 g - 10 scrolls of teleportation
 h - 10 scrolls of remove curse
 i - 5 scrolls of fear
 k - 2 scrolls of amnesia
 m - 3 scrolls of magic mapping
 t - 4 scrolls of fog
 z - 2 scrolls of identify
 V - a scroll of torment
Potions
 f - 5 potions of flight
 l - a potion of mutation
 p - 3 potions of haste
 s - 6 potions of lignification
 u - 2 potions of brilliance
 C - a potion of agility
 J - 5 potions of cancellation
 Q - a potion of ambrosia
Books
 a - a book of Maledictions

   Spells                             Type                      Level
   a - Corona                         Hexes                        1
   b - Ensorcelled Hibernation        Hexes/Ice                    2
   c - Confuse                        Hexes                        3
   d - Tukima's Dance                 Hexes                        3
   e - Dazzling Spray                 Conjuration/Hexes            3
 v - a book of Conjurations

   Spells                             Type                      Level
   a - Magic Dart                     Conjuration                  1
   b - Searing Ray                    Conjuration                  2
   c - Dazzling Spray                 Conjuration/Hexes            3
   d - Fulminant Prism                Conjuration/Hexes            4
   e - Force Lance                    Conjuration/Translocation    4
   f - Iskenderun's Mystic Blast      Conjuration                  4
 w - a book of Clouds

   Spells                             Type                      Level
   a - Poisonous Vapours              Poison/Air                   2
   b - Mephitic Cloud                 Conjuration/Poison/Air       3
   c - Conjure Flame                  Conjuration/Fire             3
   d - Freezing Cloud                 Conjuration/Ice/Air          6
   e - Ring of Flames                 Charms/Fire                  7
 y - a book of Transfigurations

   Spells                             Type                      Level
   a - Irradiate                      Conjuration/Transmutation    5
   b - Statue Form                    Transmutation/Earth          6
   c - Hydra Form                     Transmutation                6
   d - Dragon Form                    Transmutation                7
 B - a book of Minor Magic

   Spells                             Type                      Level
   a - Magic Dart                     Conjuration                  1
   b - Blink                          Translocation                2
   c - Call Imp                       Summoning                    2
   d - Slow                           Hexes                        2
   e - Conjure Flame                  Conjuration/Fire             3
   f - Mephitic Cloud                 Conjuration/Poison/Air       3
 D - a book of Frost

   Spells                             Type                      Level
   a - Freeze                         Ice                          1
   b - Throw Frost                    Conjuration/Ice              2
   c - Ozocubu's Armour               Charms/Ice                   3
   d - Throw Icicle                   Conjuration/Ice              4
   e - Summon Ice Beast               Ice/Summoning                4
 F - a book of Summonings

   Spells                             Type                      Level
   a - Recall                         Summoning/Translocation      3
   b - Aura of Abjuration             Summoning                    5
   c - Summon Demon                   Summoning                    5
   d - Summon Forest                  Summoning/Translocation      5
   e - Summon Mana Viper              Hexes/Summoning              5
   f - Shadow Creatures               Summoning                    6
 I - a book of Necromancy

   Spells                             Type                      Level
   a - Pain                           Necromancy                   1
   b - Animate Skeleton               Necromancy                   1
   c - Vampiric Draining              Necromancy                   3
   d - Regeneration                   Charms/Necromancy            3
   e - Animate Dead                   Necromancy                   4
   f - Borgnjor's Vile Clutch         Necromancy/Earth             5
 M - a book of Callings

   Spells                             Type                      Level
   a - Summon Small Mammal            Summoning                    1
   b - Call Imp                       Summoning                    2
   c - Call Canine Familiar           Summoning                    3
   d - Summon Guardian Golem          Hexes/Summoning              3
   e - Summon Lightning Spire         Summoning/Air                4
   f - Summon Ice Beast               Ice/Summoning                4
 N - a book of Flames

   Spells                             Type                      Level
   a - Flame Tongue                   Conjuration/Fire             1
   b - Throw Flame                    Conjuration/Fire             2
   c - Conjure Flame                  Conjuration/Fire             3
   d - Inner Flame                    Hexes/Fire                   3
   e - Sticky Flame                   Conjuration/Fire             4
   f - Fireball                       Conjuration/Fire             5
   Dithmenos disapproves of the use of such an item.
 O - Akuangy's Papyrus of the Mountains
   (You found it on level 15 of the Dungeon)

   Spells                             Type                      Level
   a - Stone Arrow                    Conjuration/Earth            3
   b - Leda's Liquefaction            Hexes/Earth                  4
   c - Petrify                        Transmutation/Earth          4
   d - Shatter                        Earth                        9
 W - the Tome of Baldness
   (You found it in an ice cave)

   Spells                             Type                      Level
   a - Throw Frost                    Conjuration/Ice              2
   b - Throw Icicle                   Conjuration/Ice              4
   c - Summon Ice Beast               Ice/Summoning                4
   d - Metabolic Englaciation         Hexes/Ice                    5
   e - Freezing Cloud                 Conjuration/Ice/Air          6
   f - Simulacrum                     Ice/Necromancy               6
Miscellaneous
 j - a phantom mirror
Comestibles
 b - 54 rations


   Skills:
 - Level 11.5 Fighting
 - Level 10.6 Dodging
 - Level 14.7 Stealth
 - Level 14.1 Unarmed Combat
 - Level 5.4 Spellcasting
 - Level 3.5 Conjurations
 - Level 12.5 Hexes
 - Level 6.2 Charms
 + Level 9.0 Transmutations
 - Level 8.1 Ice Magic
 - Level 3.5 Air Magic
 + Level 7.5 Earth Magic
 - Level 3.5 Poison Magic


You had 3 spell levels left.
You knew the following spells:

 Your Spells              Type           Power        Failure   Level  Hunger
a - Corona                Hex            ######.      1%          1    None
b - Ensorcelled Hibernat  Hex/Ice        ######       1%          2    None
c - Confuse               Hex            ######..     1%          3    None
d - Mephitic Cloud        Conj/Pois/Air  ####....     4%          3    None
e - Blink                 Tloc           N/A          10%         2    None
f - Ozocubu's Armour      Chrm/Ice       #####...     1%          3    None
g - Statue Form           Tmut/Erth      ######...    32%         6    ######.


Dungeon Overview and Level Annotations

Branches:
Dungeon (15/15)            Temple (0/1) D:6            Lair (6/6) D:8
 Shoals (1/4) Lair:3       Spider (1/4) Lair:2        Slime (0/5) Lair:6
    Orc (2/2) D:12            Elf (3/3) Orc:2        Vaults (0/5) D:14
 Depths (1/5) D:15

Altars:
Cheibriados
Dithmenos
Makhleb
Sif Muna
Vehumet
Xom
Beogh
Jiyva

Shops:
D:7 ?=}*   D:12 }   D:14 ?   Orc:1 *   Orc:2 }(*:*   Elf:2 *}=}[

Portals:
Trove: D:10 (give 6 potions of haste)

Annotations:
D:2 Natasha
D:3 homeworkjunkie's ghost, amateur HOFi
D:9 jazmu's ghost, novice DsFE
Elf:2 5 runed doors
Elf:3 Nikola


Innate Abilities, Weirdness & Mutations

You cannot wear armour.
You are incapable of wielding weapons or throwing items.
Your paws allow you to move quietly. (Stealth)
You have sharp claws.
You have razor-sharp teeth.
You have supernaturally acute eyesight. (SInv)
You are carnivorous and can eat meat at any time.
You cover ground quickly.
Your thick and shaggy fur keeps you warm. (AC +3, rC+)
You have a slow metabolism.
Your sharp claws are effective at attacking unaware monsters.


Message History

Okay, then.
As you read the scroll of fear, it crumbles to dust.
You assume a fearsome visage.
Nikola resists with almost no effort.
The deep elf archer looks frightened!
The deep elf mage looks frightened!
The jumping spider looks frightened!
The hell rat is unaffected.
The demonic crawler is unaffected.
Your earth elemental is unaffected.
Your mace of draining is unaffected.
The hell rat closely misses you.
Your mace of draining hits Nikola!
Your mace of draining drains Nikola!
The jumping spider leaps!
The demonic crawler hits your earth elemental but does no damage. x3
Your deep elf archer shoots an arrow.
The arrow hits the demonic crawler!!
The arrow dissolves into shadows!
The deep elf mage mumbles some strange words.
The deep elf mage blinks!
The deep elf archer blinks!
Nikola gestures wildly while chanting.
You hear a mighty clap of thunder!
The lightning arc hits your mace of draining.
Your mace of draining completely resists.
The lightning arc hits you! You resist.
You die...

#.......#
##.....###
+....)##..
###'###
.... #.#
.....
###'###
.....
##.@...##
....
##§(.....+#
####
#§@E......#
#§§rs.....#
+§.§.§...s#
#§§§......+
#....ee...#
##.....e.##
##.....'#
#######.


You could see Nikola, a demonic crawler, a deep elf archer (fleeing), a deep elf
mage (fleeing), a jumping spider (fleeing), a hell rat, a friendly deep elf
archer, a friendly earth elemental and a friendly mace of draining.

Vanquished Creatures
  A frost giant (IceCv)
  An entropy weaver (Lair:2)
  Azrael (D:15)
  Snorg (D:10)
  Josephine (D:10)
  An ogre mage (D:15)
  An ice dragon (Lair:5)
  8 vault guards
  Harold (Lair:3)
  8 hydras
  The ghost of tidbits the Martial Artist, a journeyman GnTm of Cheibriados (D:12)
  6 two-headed ogres
  3 dancing weapons (Elf:2)
  5 death yaks
  3 deep troll earth magi (D:15)
  An orc high priest (Orc:1)
  6 deep elf knights
  Nergalle (Orc:1)
  Sonja (D:15)
  An unseen horror (D:11)
  6 deep trolls
  4 deep elf archers (Elf:2)
  2 wizards
  A harpy (shapeshifter) (D:15)
  11 deep elf magi
  5 orc knights (Orc:2)
  3 lindwurms
  2 oklob plants (Lair:5)
  10 ugly things
  3 orc sorcerers
  A cyclops (Orc:2)
  3 manticores
  The ghost of
  1994 the Ducker, a novice OpTm (D:5)
  14 elephants
  11 black mambas
  Joseph (D:7)
  A merfolk siren (Lair:3)
  2 naga magi (D:15)
  An ice statue (IceCv)
  2 centaur skeletons (D:15)
  11 spiny frogs
  3 rime drakes
  The ghost of
  1994 the Ducker, a novice OpTm (D:4)
  12 komodo dragons
  A demonic crawler (Lair:2)
  An efreet (D:15)
  6 trolls
  A queen bee (Lair:1)
  19 polar bears
  A harpy zombie (D:15)
  5 hornets
  Prince Ribbit (D:7)
  A snapping turtle (Shoals:1)
  9 blink frogs
  8 dream sheep
  5 hippogriffs
  A water elemental (Elf:3)
  A shadow (D:13)
  A tarantella (Lair:2)
  6 redbacks (Lair:2)
  6 wraiths
  A human (D:8)
  A vampire (D:12)
  5 wyverns
  6 fire elementals
  10 hogs
  48 yaks
  2 basilisks
  3 hungry ghosts
  Menkaure (D:7)
  4 vampire mosquitoes (D:15)
  3 wargs (Orc:1)
  17 water moccasins
  2 soldier ants
  12 porcupines
  3 hell hounds
  3 sky beasts
  37 orc warriors
  A swamp drake (D:12)
  3 phantoms
  2 ice beasts
  A black bear (shapeshifter) (D:13)
  2 black bears
  8 ogres
  32 wolves
  3 eyes of draining
  A necrophage (D:13)
  17 centaurs
  9 crocodiles
  Blork the orc (Orc:2)
  10 bullfrogs
  A gnoll sergeant (Orc:2)
  7 scorpions
  31 killer bees
  3 wights
  2 howler monkeys
  2 electric eels (D:12)
  A lava snake (Lair:1)
  A bullfrog zombie (D:10)
  7 crimson imps
  2 hounds
  3 centaur zombies
  6 jellies
  9 orc priests
  19 orc wizards
  A gnoll shaman (D:3)
  Ijyb (D:3)
  Terence (D:2)
  A bullfrog skeleton (D:12)
  6 iguanas
  10 worker ants
  2 hound zombies
  8 mummies (Ossuary)
  12 gnolls
  2 worker ant zombies
  9 adders
  3 shadow imps
  2 oozes
  An adder zombie (D:5)
  An adder skeleton (D:8)
  3 worms (D:2)
  6 dart slugs
  5 leopard geckos
  73 orcs
  2 ball pythons
  12 bats
  2 giant cockroaches
  3 goblins
  10 hobgoblins
  7 jackals
  10 kobolds
  A quokka (D:7)
  8 frilled lizards
  3 gnoll zombies (Ossuary)
  A hobgoblin zombie (Ossuary)
  3 jackal skeletons (D:4)
  A jackal zombie (D:5)
  3 kobold zombies (Ossuary)
  An orc zombie (Ossuary)
  A quokka skeleton (D:4)
  4 rats
797 creatures vanquished.

Vanquished Creatures (collateral kills)
  2 oklob plants (Lair:5)
  A killer bee (Lair:1)
3 creatures vanquished.

Vanquished Creatures (others)
  Kirke (Lair:3)
  A jumping spider (Spider:1)
  An orc warrior (Orc:2)
  A centaur (Orc:2)
  An orc priest (D:12)
  3 orcs (Orc:2)
  26 fungi
  28 plants
  4 toadstools (D:1)
66 creatures vanquished.

Grand Total: 866 creatures vanquished

Notes
Turn   | Place    | Note
-------+----------+-------------------------------------------
     0 | D:1      | inc the Felid Enchanter began the quest for the Orb.
     0 | D:1      | Reached XP level 1. HP: 7/7 MP: 4/4
   375 | D:1      | Reached XP level 2. HP: 7/11 MP: 6/6
   486 | D:1      | Learned a level 2 spell: Ensorcelled Hibernation
  1344 | D:2      | Reached XP level 3. HP: 13/14 MP: 7/7
  1394 | D:2      | Noticed Terence
  1496 | D:2      | Found a shadowy altar of Dithmenos.
  1980 | D:2      | Found a snail-covered altar of Cheibriados.
  1980 | D:2      | Found a shimmering altar of Xom.
  2241 | D:2      | Reached XP level 4. HP: 16/18 MP: 3/8
  2392 | D:2      | Noticed Natasha
  2502 | D:2      | Killed Terence
  2721 | D:2      | Found a burning altar of Makhleb.
  2738 | D:2      | Became a worshipper of Dithmenos the Shadowed
  3527 | D:3      | Noticed Ijyb
  3529 | D:3      | Reached XP level 5. HP: 21/21 MP: 9/9
  3536 | D:3      | Paralysed by Ijyb for 7 turns
  3545 | D:3      | Killed Ijyb
  3545 | D:3      | Reached skill level 1 in Ice Magic
  3880 | D:3      | Reached * piety under Dithmenos
  3909 | D:3      | Reached skill level 5 in Hexes
  4047 | D:3      | Noticed homeworkjunkie's ghost (amateur HOFi)
  4833 | D:3      | Gained mutation: You are covered in thick fur. (AC +2) [Felid growth]
  4833 | D:3      | Reached XP level 6. HP: 24/24 MP: 7/10
  4965 | D:4      | Learned a level 3 spell: Confuse
  5025 | D:4      | Noticed 1994's ghost (novice OpTm)
  5078 | D:4      | Found a sand-covered staircase.
  5083 | Ossuary  | Entered an ossuary
  5742 | D:4      | Reached ** piety under Dithmenos
  5833 | D:4      | Reached XP level 7. HP: 27/27 MP: 6/11
  6074 | D:4      | Killed 1994's ghost
  6121 | D:5      | Entered Level 5 of the Dungeon
  6210 | D:5      | Noticed 1994's ghost (novice OpTm)
  6309 | D:5      | HP: 2/40 [poisoned by 1994's ghost]
  6312 | D:5      | Slain by 1994's ghost
  6313 | D:5      | Reached XP level 6. HP: -1/36 MP: 8/10
  6342 | D:5      | Killed 1994's ghost
  6342 | D:5      | Reached XP level 7. HP: 24/33 MP: 6/11
  6787 | D:5      | Reached skill level 5 in Stealth
  7111 | D:5      | Reached XP level 8. HP: 36/36 MP: 8/12
  7692 | D:6      | Reached *** piety under Dithmenos
  7834 | D:6      | Found a staircase to the Ecumenical Temple.
  7856 | D:6      | Found a deep blue altar of Sif Muna.
  7940 | D:7      | Noticed Joseph
  7950 | D:7      | Killed Joseph
  7950 | D:7      | Reached skill level 10 in Stealth
  8015 | D:7      | Found Ubichaus's Magic Scroll Shoppe.
  8037 | D:7      | Found Abaufob's Jewellery Shoppe.
  8076 | D:7      | Noticed Prince Ribbit
  8130 | D:7      | Reached XP level 9. HP: 40/40 MP: 4/13
  8177 | D:7      | Found Fuwniti's Gadget Shoppe.
  8230 | D:7      | Found Hicifuts's Assorted Antiques.
  8239 | D:7      | Bought a metal-bound book for 375 gold pieces
  8271 | D:7      | Killed Prince Ribbit
  8271 | D:7      | Reached skill level 5 in Unarmed Combat
  8333 | D:7      | Noticed Menkaure
  8338 | D:7      | Killed Menkaure
  8443 | D:7      | Learned a level 3 spell: Mephitic Cloud
  8711 | D:8      | Reached skill level 1 in Conjurations
  8711 | D:8      | Reached skill level 1 in Air Magic
  8711 | D:8      | Reached skill level 1 in Poison Magic
  8937 | D:8      | Noticed a two-headed ogre
  8941 | D:8      | Killed a two-headed ogre
  8983 | D:8      | Learned a level 2 spell: Blink
  9220 | D:8      | Reached XP level 10. HP: 39/43 MP: 14/14
  9292 | D:8      | Reached **** piety under Dithmenos
  9420 | D:8      | Found a staircase to the Lair.
  9820 | D:9      | Noticed jazmu's ghost (novice DsFE)
 10203 | D:9      | Found a shadowy altar of Dithmenos.
 10554 | D:10     | Entered Level 10 of the Dungeon
 10794 | D:10     | Reached ***** piety under Dithmenos
 10796 | D:10     | Reached skill level 5 in Ice Magic
 10803 | D:10     | Noticed a red ugly thing
 10963 | D:10     | Found a portal to a secret trove of treasure.
 11066 | D:10     | Reached XP level 11. HP: 46/46 MP: 15/15
 11303 | D:10     | Noticed Josephine
 11611 | D:10     | Killed a red ugly thing
 11748 | D:10     | Noticed Snorg
 11769 | D:10     | Killed Snorg
 12066 | D:11     | Reached skill level 10 in Hexes
 12298 | D:11     | Noticed a brown ugly thing
 12305 | D:11     | Killed a brown ugly thing
 12601 | D:11     | Noticed an unseen horror
 12608 | D:11     | Killed an unseen horror
 12858 | D:12     | Noticed a white ugly thing
 12864 | D:12     | Killed a white ugly thing
 12885 | D:12     | Found Poiker's Gadget Shop.
 13206 | D:12     | Found a staircase to the Orcish Mines.
 13391 | D:12     | Noticed tidbits's ghost (journeyman GnTm)
 13409 | D:12     | Killed tidbits's ghost
 13432 | D:12     | Noticed a skeletal warrior
 13460 | D:12     | Reached skill level 5 in Fighting
 13699 | D:12     | Noticed a skeletal warrior
 13700 | D:12     | Noticed a skeletal warrior
 13700 | D:12     | Noticed a skeletal warrior
 13701 | D:12     | Noticed a green ugly thing
 13736 | D:11     | Identified a scroll of acquirement
 13737 | D:11     | Got a steaming copper ring
 13738 | D:11     | Identified the ring "Vutaury" {rElec MR+ Dex+3 Stlth+} (You acquired it on level 11 of the Dungeon)
 13894 | D:10     | Killed Josephine
 13894 | D:10     | Gained mutation: Your thick and shaggy fur keeps you warm. (AC +3, rC+) [Felid growth]
 13894 | D:10     | Reached XP level 12. HP: 52/52 MP: 8/16
 14493 | Lair:1   | Entered Level 1 of the Lair of Beasts
 14915 | D:8      | Noticed a two-headed ogre
 14946 | D:8      | Killed a two-headed ogre
 15297 | D:13     | Noticed a two-headed ogre
 15302 | D:13     | Killed a two-headed ogre
 15302 | D:13     | Reached skill level 5 in Spellcasting
 15343 | D:13     | Reached ****** piety under Dithmenos
 16519 | D:14     | Noticed a vault guard
 16519 | D:14     | Noticed a vault guard
 16521 | D:14     | Found a gate to the Vaults.
 16521 | D:14     | Noticed a vault guard
 16522 | D:14     | Noticed a vault guard
 16522 | D:14     | Noticed a vault guard
 16522 | D:14     | Noticed a vault guard
 16522 | D:14     | Noticed a vault guard
 16522 | D:14     | Noticed a vault guard
 16710 | D:14     | Killed a vault guard
 16718 | D:14     | Killed a vault guard
 16816 | D:14     | Killed a vault guard
 17173 | D:14     | Killed a vault guard
 17275 | D:14     | Reached XP level 13. HP: 60/60 MP: 19/22
 17583 | D:14     | Reached skill level 10 in Fighting
 17681 | D:14     | Found Maliamn's Magic Scroll Shop.
 17689 | D:14     | Bought a scroll of identify for 20 gold pieces
 17689 | D:14     | Bought a scroll of identify for 20 gold pieces
 17689 | D:14     | Bought a scroll of blinking for 75 gold pieces
 17689 | D:14     | Bought a scroll of teleportation for 30 gold pieces
 17821 | D:15     | Entered Level 15 of the Dungeon
 17943 | D:15     | Noticed Sonja
 17950 | D:15     | Killed Sonja
 17953 | D:15     | Noticed Azrael
 18310 | D:15     | Found a staircase to the Depths.
 18612 | D:15     | Identified Akuangy's Papyrus of the Mountains
 19322 | Orc:1    | Entered Level 1 of the Orcish Mines
 19322 | Orc:1    | Noticed Nergalle
 19333 | Orc:1    | Killed Nergalle
 19467 | Orc:1    | Reached skill level 10 in Dodging
 19476 | Orc:1    | Found Reazax's General Store.
 19486 | Orc:1    | Bought a scroll of teleportation for 36 gold pieces
 19515 | Orc:1    | Found Iniedyfe's General Store.
 19647 | Orc:2    | Entered Level 2 of the Orcish Mines
 19875 | Orc:2    | Found Daruuck's Gadget Boutique.
 19875 | Orc:2    | Found a staircase to the Elven Halls.
 20125 | Orc:1    | Learned a level 3 spell: Ozocubu's Armour
 20650 | Orc:1    | Reached skill level 1 in Charms
 21291 | Orc:2    | Noticed Blork the orc
 21299 | Orc:2    | Killed Blork the orc
 21496 | Orc:2    | Reached skill level 5 in Charms
 21877 | Orc:2    | Found Erphuukou's Book Emporium.
 21877 | Orc:2    | Found Voutyrac's General Store.
 21879 | Orc:2    | Found Koiffub's Weapon Shop.
 21881 | Orc:2    | Found Pyned Ybe's Assorted Antiques.
 21890 | Orc:2    | Bought a scroll of identify for 34 gold pieces
 21898 | Orc:2    | Bought a scroll of teleportation for 87 gold pieces
 22326 | Orc:2    | Found a roughly hewn altar of Beogh.
 22520 | Orc:2    | Reached XP level 14. HP: 53/67 MP: 19/23
 23391 | D:7      | Bought the ring "Wadghym" {rElec rPois rF+ rC++ Int-4} for 732 gold pieces
 24471 | Lair:2   | Found a hole to the Spider Nest.
 25027 | Lair:2   | Reached skill level 10 in Unarmed Combat
 25544 | Lair:3   | Noticed Harold
 25546 | Lair:3   | Found a staircase to the Shoals.
 25551 | Lair:3   | Killed Harold
 25902 | Lair:4   | Noticed Kirke
 26032 | Lair:4   | HP: 1/67 [six-headed hydra (4)]
 26385 | Lair:4   | Noticed a sphinx
 26439 | Lair:3   | Killed Kirke
 27570 | Lair:5   | Found a frozen archway.
 27762 | IceCv    | Entered an ice cave
 28761 | IceCv    | Noticed a frost giant
 28790 | IceCv    | Killed a frost giant
 28920 | IceCv    | Identified the Tome of Baldness
 29394 | Lair:5   | Reached XP level 15. HP: 61/71 MP: 17/24
 29825 | Lair:5   | HP: 3/71 [black mamba (13)]
 29825 | Lair:5   | Mangled by a wolf
 29826 | Lair:5   | Reached XP level 14. HP: -6/67 MP: 1/23
 29887 | Lair:5   | Found a radiant altar of Vehumet.
 31191 | Lair:5   | Learned a level 6 spell: Statue Form
 31221 | Lair:6   | Entered Level 6 of the Lair of Beasts
 31263 | Lair:6   | Got an ancient platinum amulet
 31339 | Lair:6   | Identified the amulet of Uzxyadgh {Harm *Drain rElec MR+ MP+9} (You acquired it on level 6 of the Lair of Beasts)
 31375 | Lair:6   | Reached skill level 1 in Transmutations
 31375 | Lair:6   | Reached skill level 1 in Earth Magic
 32340 | Lair:6   | Found a staircase to the Slime Pits.
 32341 | Lair:6   | Found a viscous altar of Jiyva.
 32895 | Lair:6   | Reached skill level 5 in Transmutations
 33505 | Spider:1 | Entered Level 1 of the Spider Nest
 33505 | Spider:1 | Noticed an entropy weaver
 33808 | Lair:2   | Killed an entropy weaver
 34135 | Spider:1 | Noticed an emperor scorpion
 34519 | Shoals:1 | Entered Level 1 of the Shoals
 34714 | Shoals:1 | Reached skill level 5 in Earth Magic
 35283 | Depths:1 | Entered Level 1 of the Depths
 35541 | D:15     | Killed Azrael
 35541 | D:15     | Reached XP level 15. HP: 46/71 MP: 19/24
 35849 | D:15     | Killed from afar by a deep troll earth mage
 35850 | D:15     | Reached XP level 14. HP: -25/67 MP: 22/23
 36873 | Elf:1    | Entered Level 1 of the Elven Halls
 36915 | Elf:2    | Found Gunotim's Gadget Shop.
 36919 | Elf:2    | Found Lanecy's Jewellery Emporium.
 36920 | Elf:2    | Found Eryrr's Gadget Shop.
 36941 | Elf:2    | Bought a +6 ring of intelligence for 819 gold pieces
 36959 | Elf:2    | Found Dobluutz's Assorted Antiques.
 37455 | Elf:2    | Found Xeops's Antique Armour Boutique.
 37467 | Elf:2    | Found a huge runed gate.
 37467 | Elf:2    | Found a huge runed gate.
 37467 | Elf:2    | Found a huge runed gate.
 37468 | Elf:2    | Found a huge runed gate.
 37472 | Elf:2    | Found a huge runed gate.
 37685 | Elf:3    | Entered Level 3 of the Elven Halls
 37996 | Elf:3    | Noticed Nikola
 38015 | Elf:3    | HP: 2/67 [Nikola/chain lightning (6)]
 38016 | Elf:3    | Killed from afar by Nikola

Skill      XL: |  1  2  3  4  5  6  7  8  9 10 11 12 13 14 |
---------------+-------------------------------------------+-----
Unarmed Combat | 2 3 4 6 8 14 | 14.1
Ice Magic      | 2 3 5 8 |  8.1
Hexes          | 5 8 12 | 12.5
Dodging        | 4 7 10 | 10.6
Fighting       | 4 6 9 11 | 11.5
Stealth        | 6 11 12 14 | 14.7
Conjurations   | 2 3 |  3.5
Air Magic      | 2 3 |  3.5
Poison Magic   | 2 3 |  3.5
Spellcasting   | 5 |  5.4
Charms         | 6 |  6.2
Transmutations | 9 |  9.0
Earth Magic    | 7 |  7.5

Action                   |  1- 3 |  4- 6 |  7- 9 | 10-12 | 13-15 || total
-------------------------+-------+-------+-------+-------+-------++-------
Melee: Unarmed           |    80 |   193 |   157 |   361 |   761 ||  1552
       Bite              |     5 |    16 |     6 |    22 |    44 ||    93
       Punch             |       |     3 |     2 |    12 |    28 ||    45
 Cast: Ensorcelled Hiber |    14 |    48 |    80 |   163 |   439 ||   744
       Corona            |     1 |       |       |       |       ||     1
       Confuse           |       |    12 |    17 |    34 |    55 ||   118
       Mephitic Cloud    |       |       |       |     1 |    43 ||    44
       Ozocubu's Armour  |       |       |       |       |    10 ||    10
Invok: Shadow Step       |       |       |       |       |    10 ||    10
Evoke: Wand              |       |       |       |     1 |     9 ||    10
  Use: Potion            |     3 |     2 |     6 |     2 |    12 ||    25
       Scroll            |       |     4 |     1 |     8 |    24 ||    37
 Stab: Sleeping          |    17 |    43 |    57 |   163 |   330 ||   610
       Confused          |       |     7 |     5 |    11 |    70 ||    93
       Distracted        |       |     1 |       |       |     2 ||     3
       Invisible         |       |       |       |       |     4 ||     4
  Eat: Chunk             |     3 |     7 |    15 |    19 |    51 ||    95
       Ration            |       |     2 |       |     2 |     1 ||     5
Armor: Skin              |     3 |    11 |     9 |     5 |    39 ||    67
Dodge: Dodged            |    65 |   142 |   194 |   248 |   988 ||  1637
Block: Other             |       |       |       |    52 |   275 ||   327
       Reflection        |       |       |       |     1 |    35 ||    36
